 Dungeon Crawl Stone Soup version 0.19.1 (webtiles) character file.

1131 XO4YCPATb the Conjurer (level 8, -8/41 HPs)
             Began as a Deep Elf Fire Elementalist on Dec 9, 2016.
             Engulfed by a cloud of flame (20 damage)
             ... in a sewer.
             The game lasted 00:17:45 (4532 turns).

XO4YCPATb the Conjurer (Deep Elf Fire Elementalist) Turns: 4532, Time: 00:17:45

Health: -8/41      AC:  5    Str:  6    XL:     8   Next: 13%
Magic:  23/29      EV: 13    Int: 22    God:
Gold:   285        SH:  0    Dex: 15    Spells: 4 memorised, 7 levels left

rFire  . . .     SeeInvis .     u - +6 quarterstaff (chaos)
rCold  . . .     Gourm    .     a - +0 robe
rNeg   . . .     Faith    .     (shield currently unavailable)
rPois  +         Spirit   .     h - +1 helmet
rElec  .         Reflect  .     v - +0 cloak
rCorr  .         Harm     .     (no gloves)
MR     .....                    (no boots)
Stlth  +.........               j - amulet of regeneration
                                f - ring of magical power
                                s - ring of poison resistance

@: no status effects
A: no striking features
a: no special abilities


You were in a sewer.
You were not hungry.

You visited 1 branch of the dungeon, and saw 6 of its levels.
You also visited: Sewer.

You collected 285 gold pieces.

Inventory:

Hand Weapons
 u - a +6 quarterstaff of chaos (weapon)
Armour
 a - a +0 robe (worn)
 h - a +1 helmet (worn)
 v - a +0 cloak (worn)
Jewellery
 f - a ring of magical power (right hand)
 j - an amulet of regeneration (around neck)
 m - an uncursed ring of protection from cold
 s - a ring of poison resistance (left hand)
Wands
 e - a wand of random effects (27/48)
Scrolls
 d - 4 scrolls of teleportation
 g - a scroll of blinking
 n - a scroll of immolation {unknown}
 A - 3 scrolls of recharging {unknown}
 C - a scroll of random uselessness
 E - a scroll of amnesia
Potions
 k - a potion of degeneration {unknown}
 l - 3 potions of curing {unknown}
 o - 2 potions of heal wounds {unknown}
 p - 2 potions of lignification {unknown}
 q - 3 potions of ambrosia
 r - a potion of might {unknown}
 t - 3 potions of agility {unknown}
 x - a potion of haste {unknown}
Books
 b - a book of Flames

   Spells                             Type                      Level
   a - Flame Tongue                   Conjuration/Fire             1
   b - Throw Flame                    Conjuration/Fire             2
   c - Conjure Flame                  Conjuration/Fire             3
   d - Inner Flame                    Hexes/Fire                   3
   e - Sticky Flame                   Conjuration/Fire             4
   f - Fireball                       Conjuration/Fire             5
Comestibles
 c - 4 bread rations
 w - 3 meat rations
 z - a slice of pizza
 B - 3 chunks of flesh
 F - a beef jerky


   Skills:
 - Level 2.4 Dodging
 - Level 2.4 Stealth
 + Level 6.6 Spellcasting
 + Level 6.7 Conjurations
 * Level 4.1 Hexes
 + Level 6.0 Fire Magic


You had 7 spell levels left.
You knew the following spells:

 Your Spells              Type           Power        Failure   Level  Hunger
a - Flame Tongue          Conj/Fire      #####        1%          1    None
b - Sticky Flame          Conj/Fire      #####...     8%          4    ###....
c - Fireball              Conj/Fire      #####.....   17%         5    #####..
d - Inner Flame           Hex/Fire       ####....     3%          3    #......


Dungeon Overview and Level Annotations

Branches:
Dungeon (6/15)             Temple (0/1) D:6

Altars:
Makhleb
Qazlal


Message History

Aiming: Inner Flame
Press: ? - help, Shift-Dir - straight line Nothing appears to happen.
Something hits you.
Casting: Inner Flame
Confirm with . or Enter, or press ? or * to list all spells.
Aiming: Inner Flame
Press: ? - help, Shift-Dir - straight line Nothing appears to happen.
Something hits you.
Your unstable footing causes you to fumble your attack.
Something hits you. Something hits you but does no damage.
You closely miss something. Something hits you but does no damage.
Your unstable footing causes you to fumble your attack.
Something hits you but does no damage.
You thump something! Something hits you.
You hit something. The fiery explosion engulfs you!
* * * LOW HITPOINT WARNING * * *
Reactivating autopickup.
Your Hexes skill increases to level 4!
You feel a bit more experienced.
You are engulfed in roaring flames.
You die...

#≈...##
##≈≈≈.#
#.≈.##
##≈..#
#≈≈.#
#≈≈.#
#≈≈.#
#.≈≈#
##≈≈≈##
##.≈.#
#.≈.≈≈#
#≈≈≈.≈
#≈###≈#
#≈###≈
#≈# #≈#
#≈# #≈
#@###.##
##≈###.
#§.§#.≈≈#
#≈≈.#≈≈
#§#§#≈#≈#
#≈#≈#≈#
#≈ ≈#≈#≈#
#≈#≈#≈#
#≈ ≈#≈#≈#
#≈#≈#≈#
#! .#.#.#
#.#.#.#
## ######
#######


There were no monsters in sight!

Vanquished Creatures
  Edmund (D:5)
  A water moccasin (D:5)
  3 ogres
  2 big kobolds (Sewer)
  A bullfrog (D:3)
  A howler monkey (D:4)
  Crazy Yiuf (D:3)
  A centaur zombie (D:5)
  A hound (D:5)
  2 orc wizards
  An orc priest (D:4)
  Ijyb (D:3)
  A hound skeleton (D:6)
  3 gnolls (D:5)
  6 adders
  2 oozes
  7 worms
  2 dart slugs
  3 leopard geckos
  13 orcs
  7 giant cockroaches
  5 goblins
  8 hobgoblins
  2 jackals (D:5)
  4 ball pythons
  A ball python skeleton (D:4)
  4 bats
  2 frilled lizards
  11 kobolds
  A leopard gecko skeleton (D:4)
  10 rats
108 creatures vanquished.

Notes
Turn   | Place    | Note
-------+----------+-------------------------------------------
     0 | D:1      | XO4YCPATb the Deep Elf Fire Elementalist began the quest for the Orb.
     0 | D:1      | Reached XP level 1. HP: 10/10 MP: 6/6
   258 | D:1      | Reached XP level 2. HP: 14/15 MP: 4/8
   999 | D:2      | Reached XP level 3. HP: 19/19 MP: 5/10
  1457 | D:2      | Found a stormy altar of Qazlal.
  1653 | D:3      | Noticed Ijyb
  1687 | D:3      | Killed Ijyb
  1687 | D:3      | Reached XP level 4. HP: 17/24 MP: 1/12
  1776 | D:3      | Learned a level 4 spell: Sticky Flame
  1966 | D:3      | Reached XP level 5. HP: 28/28 MP: 13/13
  2050 | D:3      | Found a runed door.
  2054 | D:3      | Noticed Crazy Yiuf
  2056 | D:3      | Killed Crazy Yiuf
  2568 | D:4      | Reached XP level 6. HP: 32/32 MP: 15/15
  2600 | D:4      | Reached skill level 5 in Spellcasting
  2600 | D:4      | Reached skill level 5 in Conjurations
  2692 | D:4      | Reached skill level 5 in Fire Magic
  2806 | D:4      | Reached XP level 7. HP: 30/36 MP: 17/17
  3087 | D:5      | Entered Level 5 of the Dungeon
  3283 | D:5      | Noticed Edmund
  3299 | D:5      | Killed Edmund
  3383 | D:5      | Learned a level 5 spell: Fireball
  3387 | D:5      | Learned a level 3 spell: Inner Flame
  3500 | D:5      | Reached skill level 1 in Hexes
  4130 | D:5      | Found a burning altar of Makhleb.
  4236 | D:6      | Found a glowing drain.
  4256 | Sewer    | Entered a sewer
  4434 | Sewer    | Reached XP level 8. HP: 35/41 MP: 19/19
  4532 | Sewer    | Engulfed by a cloud of flame

Skill      XL: |  1  2  3  4  5  6  7  8 |
---------------+-------------------------+-----
Conjurations   | 2 3 4 5 6 |  6.7
Spellcasting   | 4 5 6 |  6.6
Fire Magic     | 4 5 6 |  6.0
Hexes          | 3 4 |  4.1
Dodging        | |  2.4
Stealth        | |  2.4

Action                   |  1- 3 |  4- 6 |  7- 9 || total
-------------------------+-------+-------+-------++-------
Melee: Whip              |     3 |     9 |       ||    12
       Quarterstaff      |       |    15 |    58 ||    73
 Cast: Flame Tongue      |    78 |    54 |    32 ||   164
       Sticky Flame      |       |     3 |     6 ||     9
       Fireball          |       |       |     2 ||     2
       Inner Flame       |       |       |     3 ||     3
  Use: Scroll            |       |     7 |     5 ||    12
  Eat: Chunk             |     2 |     4 |     7 ||    13
Armor: Robe              |    12 |     7 |    20 ||    39
Dodge: Dodged            |    26 |    23 |    47 ||    96
